 Dungeon Crawl Stone Soup version 0.28-a0-1613-gdaab1c2f9b (webtiles) character file.

Game seed: 4188801742704449285

1187 sprunkey the Grappler (level 8, -1/75 HPs)
             Began as a Troll Berserker on Jan 21, 2022.
             Was a Priest of Trog.
             Slain by a killer bee (8 damage)
             ... on level 5 of the Dungeon.
             The game lasted 00:30:43 (3045 turns).

sprunkey the Grappler (Troll Berserker)             Turns: 3045, Time: 00:30:45

Health: -1/75      AC:  4    Str: 26 (28) XL:     8   Next: 19%
Magic:  7/7        EV: 10    Int: -1 (1)  God:    Trog [***...]
Gold:   182        SH:  0    Dex:  9 (11) Spells: 7/7 levels left

rFire   . . .      SeeInvis .     - Unarmed
rCold   . . .      Faith    .   (no shield)
rNeg    . . .      Spirit   .   H - +0 robe of the Unseen Realm {Regen+ Dex+2 Archmagi}
rPois   .          Reflect  .   (helmet restricted)
rElec   .          Harm     .   (no cloak)
rCorr   .          Rampage  .   (gloves unavailable)
Will    .....      Archmagi +   (boots unavailable)
Stlth   +.........              (no amulet)
HPRegen 1.82/turn               (no ring)
MPRegen 0.10/turn               (no ring)

@: lethally poisoned (-1 -> -2), on berserk cooldown, slowed, lost intelligence,
unable to read, very slow
A: large, unfitting armour, claws 3, regeneration 1, shaggy fur 1, tough skin 1,
dopey 1
a: Renounce Religion, Berserk, Trog's Hand


You were on level 5 of the Dungeon.
You worshipped Trog.
Trog was most pleased with you.
You visited 1 branch of the dungeon, and saw 6 of its levels.
You also visited: Sewer.

You collected 182 gold pieces.

Inventory:

Hand Weapons
 g - a +0 club
 h - a +0 dagger
 l - a +0 short sword
 n - a +0 rapier
 p - a +0 hand axe
 r - a +0 hand axe
 s - a +0 hunting sling
 F - a +1 giant club
Missiles
 m - 16 poisoned darts (quivered)
 t - 67 stones
Armour
 a - a +0 animal skin
 b - a +0 leather armour
 j - a +0 robe
 k - a +0 chain mail
 x - a +0 pair of boots
 H - the +0 robe of the Unseen Realm (worn) {Regen+ Dex+2 Archmagi}
   (You found it on level 4 of the Dungeon)

   Dex:       It affects your dexterity (+2).
   Regen:     It increases your rate of health regeneration.
   Archmagi:  It increases the power of your magical spells.
Magical Staves
 D - a staff of death
Wands
 d - a wand of acid (1)
 o - a wand of iceblast (12)
Scrolls
 i - 3 scrolls of fog
 q - 2 scrolls of silence
Potions
 c - a potion of degeneration
 f - a potion of might
 u - a potion of heal wounds
 v - a potion of haste


   Skills:
 + Level 3.5 Fighting
 + Level 0.8 Slings
 + Level 4.6 Dodging
 + Level 1.0 Stealth
 + Level 8.1 Unarmed Combat


You had 7 spell levels left.
You didn't know any spells.
Your spell library contained the following spells:

 Spells                   Type           Power      Damage    Failure   Level
 Blink                    Tloc           0%         N/A       75%         2
 Corpse Rot               Necr/Air       0%         N/A       75%         2
 Lesser Beckoning         Tloc           0%         N/A       92%         3
 Dispel Undead            Necr           0%         3d6       100%        4
 Manifold Assault         Tloc           0%         N/A       100%        5
 Death Channel            Necr           0%         N/A       100%        6


Dungeon Overview and Level Annotations

Branches:
Dungeon (6/15)             Temple (0/1) D:5           Sewer (visited)

Altars:
Ashenzari
Beogh


Innate Abilities, Weirdness & Mutations

You are too large for most types of armour.
You have claws for hands.
Your natural rate of healing is unusually fast.
You are covered in fur. (AC +1)
You have tough skin. (AC +1)
You are dopey. (Int -2)


Message History

You feel yourself moving faster!
You feel mighty!
You feel sick. The killer bee stings you.
A killer bee comes into view.
The killer bee stings you. x2; The killer bee completely misses you.
The killer bee stings you but does no damage.
The ice beast hits you. The ice beast freezes you!
A killer bee comes into view.
The killer bee stings you.
* * * LOW HITPOINT WARNING * * *
The killer bee barely misses you. The killer bee stings you.
* * * LOW HITPOINT WARNING * * *
You are more poisoned.
The killer bee poisons you!
You feel a strong urge to attack something.
You feel very sick.
The killer bee buzzes angrily. x2
The killer bee stings you.
* * * LOW HITPOINT WARNING * * *
The killer bee barely misses you. The killer bee stings you.
* * * LOW HITPOINT WARNING * * *
The killer bee stings you.
* * * LOW HITPOINT WARNING * * *
You are more poisoned.
The killer bee poisons you! The killer bee closely misses you.
The ice beast hits you but does no damage.
The killer bee barely misses you.
The killer bee stings you but does no damage.
The killer bee closely misses you.
You climb upwards.
You feel very sick.
There is a stone staircase leading down here.
You are too berserk!
You feel your anger nearly subside.
You are no longer berserk.
You are exhausted.
You feel yourself slow down.
You feel very sick. The killer bee stings you.
* * * LOW HITPOINT WARNING * * *
The killer bee stings you!
You die...

,*#..........[...##.##.>..##.#.##
,,#...............#...#....##.#.#
,,#.....#<........##..#.....##.#.
*,......#........##*#......#*##..
*,................###.....####...
**,,.#......####...##.....##.....
*,,*###...## #.................
##.,* ##..# ###.y........#..8..#
...** #...# #..@y.......##.....#
...* ##...###.Yyy......##..#.#..
...## #..#....(........##..##.##.
....###..#....##....รท.....##...##
.....#..................8....>[..
##........................##...##
#......................##..##.##.
#.....##.........##..#..##..#.#..
#......###.......##..#...##.....#


You could see an ice beast and 4 killer bees.

Vanquished Creatures
  An ice beast (D:4)
  An ogre (D:4)
  A necrophage (D:4)
  3 kobold brigands (Sewer)
  3 scorpions
  A water moccasin skeleton (D:5)
  A howler monkey (D:4)
  A bullfrog zombie (D:5)
  A centaur zombie (D:5)
  3 hounds
  A jelly (D:4)
  A centaur skeleton (D:4)
  An iguana (D:5)
  A gnoll shaman (D:5)
  A killer bee zombie (D:5)
  A hound skeleton (D:4)
  5 adders
  2 river rats (D:3)
  A white imp (D:5)
  An adder skeleton (D:4)
  A worm (D:3)
  2 dart slugs
  3 orcs
  2 bats
  7 endoplasms
  3 giant cockroaches
  A goblin (D:2)
  7 hobgoblins
  5 jackals
  2 quokkas (D:4)
  7 ball pythons
  4 frilled lizards
  15 kobolds
  3 rats
93 creatures vanquished.

Vanquished Creatures (others)
  2 fungi (Sewer)
  A plant (Sewer)
3 creatures vanquished.

Grand Total: 96 creatures vanquished

Notes
Turn   | Place    | Note
-------+----------+-------------------------------------------
     0 | D:1      | sprunkey the Troll Berserker began the quest for the Orb.
     0 | D:1      | Reached XP level 1. HP: 22/22 MP: 0/0
   218 | D:1      | Reached XP level 2. HP: 25/29 MP: 1/1
   701 | D:2      | Reached XP level 3. HP: 32/36 MP: 2/2
   908 | D:3      | Reached ** piety under Trog
   982 | D:3      | Found a broken altar of Ashenzari.
  1081 | D:3      | Reached skill level 4 in Unarmed Combat
  1081 | D:3      | Reached XP level 4. HP: 37/44 MP: 3/3
  1085 | D:3      | Found a glowing drain.
  1155 | D:3      | Found a faded altar of an unknown god.
  1372 | Sewer    | Entered a sewer
  1422 | Sewer    | Noticed a kobold brigand
  1422 | Sewer    | Noticed a kobold brigand
  1433 | Sewer    | Killed a kobold brigand
  1434 | Sewer    | Reached skill level 5 in Unarmed Combat
  1434 | Sewer    | Reached XP level 5. HP: 53/53 MP: 4/4
  1564 | Sewer    | Reached XP level 6. HP: 61/61 MP: 5/5
  1744 | D:4      | Reached skill level 6 in Unarmed Combat
  1848 | D:4      | Reached XP level 7. HP: 64/67 MP: 6/6
  1983 | D:4      | Reached *** piety under Trog
  2144 | D:4      | Reached skill level 7 in Unarmed Combat
  2358 | D:4      | Identified the +0 robe of the Unseen Realm {Regen+ Dex+2
                  | Archmagi}
  2424 | D:4      | Lost intelligence.
  2459 | D:5      | Entered Level 5 of the Dungeon
  2571 | D:5      | Found a staircase to the Ecumenical Temple.
  2609 | D:5      | Reached XP level 8. HP: 52/75 MP: 7/7
  2678 | D:5      | Reached skill level 1 in Stealth
  2678 | D:5      | Reached skill level 8 in Unarmed Combat
  2927 | D:5      | Lost intelligence.
  2927 | D:5      | Gained mutation: You are dopey. (Int -2) [potion of
                  | mutation]
  3045 | D:5      | Slain by a killer bee

Illustrated notes

Levels and vault maps discovered:
D:1:      shiori_arrival_oz, layout_basic
D:2:      layout_loops_ring
D:3:      minmay_wonky_spiral, layout_rooms, nicolae_ashenzari_panopticon,
          cheibrodos_sewer_entry_sluice,
          hellmonk_ecumenical_altar_defaced_shrine
D:4:      layout_layer_cave
D:5:      minmay_inner_zag, layout_cave_pools, minmay_temple_entry_waves
D:6:      layout_layer_cave, guppyfry_early_elven_hall

Skill      XL: |  1  2  3  4  5  6  7  8 |
---------------+-------------------------+-----
Dodging        | 3 4 |  4.6
Unarmed Combat | 4 5 6 7 8 |  8.1
Fighting       | 3 |  3.5
Stealth        | 1 |  1.0
Slings         | |  0.8

Action                   |  1- 3 |  4- 6 |  7- 9 || total
-------------------------+-------+-------+-------++-------
Melee: Unarmed           |    76 |    91 |    84 ||   251
       Punch             |     1 |     5 |     3 ||     9
       Giant club        |       |       |     7 ||     7
 Fire: Hunting sling     |       |     5 |       ||     5
Invok: Berserk           |     1 |     2 |     2 ||     5
  Use: Potion            |       |       |    10 ||    10
       Scroll            |       |       |     9 ||     9
Armor: Animal skin       |    16 |    16 |     6 ||    38
       Robe              |       |       |    22 ||    22
Dodge: Dodged            |    26 |    32 |    81 ||   139

Table legend: (Time is in decaauts)
 A = Elapsed time spent in this place.
 B = Non-inter-level travel time spent in this place.
 C = Inter-level travel time spent in this place.
 D = Time resting spent in this place.
 E = Time spent auto-exploring this place.
 F = Levels seen in this place.
 G = Mean time per level.
                   A        B        C        D        E       F      G
               +--------+--------+--------+--------+--------+-----+--------+
         Total |   3212 |   3208 |      4 |      0 |      0 |   7 |  458.9 |
       Dungeon |   2851 |   2847 |      4 |      0 |      0 |   6 |  475.2 |
         Sewer |    361 |    361 |      0 |      0 |      0 |   1 |  361.0 |
               +--------+--------+--------+--------+--------+-----+--------+

Top non-repeatable levels by time:
     D:4: 742 daAuts
     D:5: 688 daAuts
     D:3: 503 daAuts
     D:1: 493 daAuts
     D:2: 400 daAuts
   Sewer: 361 daAuts
     D:6: 23 daAuts
